 Dungeon Crawl Stone Soup version 0.25-a0-464-g3004169c2b (webtiles) character file.

Game seed: 14457446962286165095, levelgen mode: deterministic

6213 Kohma the Blocker (level 10, -9/63 HPs)
             Began as a Gargoyle Fighter on Feb 4, 2020.
             Was a Follower of Ashenzari.
             Mangled by a death yak (17 damage)
             ... on level 9 of the Dungeon.
             The game lasted 00:23:52 (9633 turns).

Kohma the Blocker (Gargoyle Fighter)                Turns: 9633, Time: 00:23:53

Health: -9/63      AC: 22    Str: 31    XL:     10   Next: 92%
Magic:  10/10      EV:  8    Int:  7    God:    Ashenzari [*.....]
Gold:   458        SH: 14    Dex:  9    Spells: 9/9 levels left

rFire    . . .     SeeInvis .   D - +3 flail (holy)
rCold    . . .     Gourm    .   c - +1 shield
rNeg     + . .     Faith    .   E - +0 chain mail (curse)
rPois    ∞         Spirit   .   (no helmet)
rElec    +         Reflect  .   i - +0 cloak
rCorr    .         Harm     .   (no gloves)
MR       .....                  (no boots)
Stlth    ..........             (no amulet)
HPRegen  0.20/turn              j - +3 ring of protection
MPRegen  0.12/turn              h - ring "Womef" {rElec Str+8 Int-2 Stlth-}

@: no status effects
A: negative energy resistance 1, electricity resistance, unbreathing,
petrification resistance, rot immunity, AC +7
a: Curse Item, Scrying, Renounce Religion


You were on level 9 of the Dungeon.
You worshipped Ashenzari.
Ashenzari was aware of your devotion.
You were not hungry.

You visited 2 branches of the dungeon, and saw 11 of its levels.

You collected 458 gold pieces.

Inventory:

Hand Weapons
 l - a +0 flail of protection
 r - a +0 fustibalus
 D - a +3 flail of holy wrath (weapon)
Missiles
 g - 9 curare-tipped darts (quivered)
 w - 17 sling bullets
 x - 12 javelins
Armour
 c - a +1 shield (worn)
 i - a +0 cloak (worn)
 n - a +0 plate armour
 E - a cursed +0 chain mail (worn)
Jewellery
 h - the ring "Womef" (right hand) {rElec Str+8 Int-2 Stlth-}
   (You found it on level 7 of the Dungeon)

   [ring of attention]

   It affects your strength (+8).
   It affects your intelligence (-2).
   It insulates you from electricity.
   It makes you less stealthy.
 j - a +3 ring of protection (left hand)
 p - an uncursed ring of protection from fire
 y - an uncursed ring of ice
 K - an uncursed amulet of rage
 N - a +4 ring of strength
Wands
 b - a wand of acid (14)
 k - a wand of flame (13)
 t - a wand of paralysis (15)
 A - a wand of random effects (11)
 H - a wand of iceblast (7)
Scrolls
 m - a scroll of enchant weapon
 o - 4 scrolls of teleportation
 B - 2 scrolls of fog
 G - a scroll of blinking
 M - a scroll of remove curse
Potions
 a - 4 potions of brilliance
 d - 2 potions of might
 e - 8 potions of curing
 q - a potion of agility
 s - 3 potions of haste
 u - a potion of mutation
 v - 4 potions of heal wounds
 z - a potion of flight
 C - a potion of ambrosia
 F - a potion of berserk rage
 I - a potion of degeneration {unknown}
 J - a potion of cancellation
 L - a potion of invisibility
Comestibles
 f - 13 rations


   Skills:
 + Level 7.0 Fighting
 + Level 10.1 Maces & Flails
 + Level 7.0 Armour
 + Level 11.2 Shields


You had 9 spell levels left.
You didn't know any spells.
Your spell library was empty.

Dungeon Overview and Level Annotations

Branches:
Dungeon (10/15)            Temple (1/1) D:5            Lair (0/6) D:10
    Orc: D:9-12

Altars:
Ashenzari
Cheibriados
Dithmenos
Elyvilon
Fedhas
Gozag
Hepliaklqana
Kikubaaqudgha
Makhleb
Nemelex Xobeh
Okawaru
Qazlal
Ru
Sif Muna
Trog
Uskayaw
Vehumet
Wu Jian
Xom
Yredelemnul
Zin
The Shining One


Innate Abilities, Weirdness & Mutations

You are resistant to torment.
Your stone body is resilient. (AC +7)
You are immune to poison.
You resist negative energy. (rN+)
You are resistant to electric shocks. (rElec)
You can survive without breathing.
You are immune to petrification.
You are immune to rotting.


Message History

The death yak is almost dead.
The death yak gores you but does no damage.
You sock the death yak!
The death yak is almost dead.
You block the death yak's attack.
You hit the death yak.
The death yak is almost dead.
The death yak closely misses you.
You hit the death yak but do no damage.
The death yak is almost dead.
The death yak gores you.
* * * LOW HITPOINT WARNING * * *
You hit the death yak but do no damage.
The death yak is almost dead.
The death yak gores you.
* * * LOW HITPOINT WARNING * * *
You hit the death yak but do no damage.
The death yak is almost dead.
The death yak gores you!
You die...

# ##### #...# #.# #.)....) #
#...#####.###.#.#.#. #
#..............(.... #
##..#####.###..(.... # #..#
#.###....... # #.†# #...(.(.....
# ##># ######....... # #Y#
#.........### ### #@#
#............ ..# #.#
#......#.#... #.# #.#
######....... #.###### #.#
#.#.#... .......# #.# #.......
.#.#.#.##### #.#########.......
...........#####.................
.#.#.#..............#########.###
.......<.##########.# #####....##


You could see a death yak.

Vanquished Creatures
  A death yak (D:9)
  Pikel (D:8)
  A troll (D:9)
  Grinder (D:4)
  A hippogriff (D:8)
  Sigmund (D:3)
  2 hungry ghosts
  A porcupine (D:9)
  4 black bears
  An orc warrior (D:6)
  A slave (D:7)
  4 ice beasts
  3 sky beasts
  5 centaurs
  A necrophage (D:7)
  2 ogres
  2 phantoms (D:4)
  3 bullfrogs
  A big kobold (D:8)
  2 water moccasin zombies (D:8)
  15 killer bees
  2 scorpions (D:9)
  3 wights (D:6)
  A howler monkey (D:8)
  3 crimson imps
  A bullfrog zombie (D:8)
  A jelly (D:10)
  An orc priest (D:8)
  5 orc wizards
  Crazy Yiuf (D:5)
  2 iguanas
  Natasha (thrice) (D:4)
  3 worker ants
  A hound zombie (D:8)
  A howler monkey zombie (D:8)
  2 worker ant zombies
  7 gnolls
  10 adders
  2 shadow imps
  An adder zombie (D:6)
  2 oozes
  An adder skeleton (D:8)
  2 worms
  2 dart slugs
  3 leopard geckos
  21 orcs
  9 giant cockroaches
  6 goblins
  7 hobgoblins
  4 jackals
  9 quokkas
  8 bats
  2 frilled lizards
  A jackal skeleton (D:8)
  15 kobolds
  A leopard gecko skeleton (D:9)
  9 rats
205 creatures vanquished.

Vanquished Creatures (others)
  An orc (D:8)
1 creature vanquished.

Grand Total: 206 creatures vanquished

Notes
Turn   | Place    | Note
-------+----------+-------------------------------------------
     0 | D:1      | Kohma the Gargoyle Fighter began the quest for the Orb.
     0 | D:1      | Reached XP level 1. HP: 14/14 MP: 1/1
   120 | D:1      | Reached XP level 2. HP: 17/19 MP: 2/2
   498 | D:1      | Reached XP level 3. HP: 19/23 MP: 3/3
   584 | D:1      | Reached skill level 4 in Shields
  1074 | D:2      | You fall into a shaft and drop 1 floor!
  1074 | D:3      | Noticed Sigmund
  1127 | D:3      | Noticed a bullfrog
  1190 | D:3      | Noticed a sky beast
  1209 | D:2      | Killed a bullfrog
  1209 | D:2      | Reached XP level 4. HP: 6/28 MP: 4/4
  2173 | D:3      | Reached XP level 5. HP: 26/32 MP: 5/5
  2284 | D:3      | Reached skill level 5 in Shields
  2415 | D:3      | Killed a sky beast
  2415 | D:3      | Reached XP level 6. HP: 29/37 MP: 6/6
  2895 | D:3      | Killed Sigmund
  2895 | D:3      | Reached skill level 5 in Maces & Flails
  2895 | D:3      | Reached skill level 6 in Shields
  2959 | D:4      | Noticed a sky beast
  3028 | D:4      | HP: 1/37 [something (1)]
  3033 | D:4      | Killed a sky beast
  3033 | D:4      | Reached XP level 7. HP: 1/41 MP: 7/7
  3456 | D:4      | Noticed Grinder
  3460 | D:4      | Paralysed by Grinder for 4 turns
  3480 | D:4      | Killed Grinder
  3480 | D:4      | Reached skill level 7 in Shields
  3723 | D:4      | Noticed Natasha
  3733 | D:4      | Killed Natasha
  3758 | D:4      | Reached XP level 8. HP: 40/46 MP: 8/8
  3766 | D:4      | Noticed Natasha
  3779 | D:4      | Killed Natasha
  3939 | D:4      | Noticed Natasha
  3947 | D:4      | Killed Natasha
  4028 | D:4      | Found a basalt altar of Yredelemnul.
  4303 | D:5      | Entered Level 5 of the Dungeon
  4360 | D:5      | Reached skill level 8 in Shields
  4551 | D:5      | Found a staircase to the Ecumenical Temple.
  4791 | Temple   | Entered the Ecumenical Temple
  5055 | Temple   | Became a worshipper of Ashenzari the Shackled
  5141 | D:5      | Found a runed translucent door.
  5142 | D:5      | Noticed Crazy Yiuf
  5147 | D:5      | Killed Crazy Yiuf
  5331 | D:6      | Reached skill level 9 in Shields
  5503 | D:6      | Reached XP level 9. HP: 51/51 MP: 9/9
  6049 | D:7      | Found a hazy altar of Hepliaklqana.
  6106 | D:7      | Identified the ring "Womef" {rElec Str+8 Int-2 Stlth-}
  6796 | D:7      | Reached skill level 10 in Shields
  7101 | D:8      | Reached skill level 5 in Fighting
  7101 | D:8      | Reached skill level 5 in Armour
  7123 | D:8      | Reached XP level 10. HP: 56/59 MP: 10/10
  7237 | D:8      | Reached * piety under Ashenzari
  7362 | D:8      | Noticed Pikel
  7488 | D:8      | Killed Pikel
  8598 | D:9      | Reached skill level 11 in Shields
  8924 | D:10     | Entered Level 10 of the Dungeon
  8989 | D:10     | Noticed a death yak
  8990 | D:10     | Noticed a death yak
  8991 | D:10     | Found a staircase to the Lair.
  8992 | D:10     | Noticed a death yak
  9058 | D:9      | HP: 3/61 [death yak (4)]
  9378 | D:9      | Killed a death yak
  9378 | D:9      | Reached skill level 10 in Maces & Flails
  9633 | D:9      | Mangled by a death yak

Levels and vault maps discovered:
D:1:      dpeg_arrival_simpleton_a, layout_basic, minmay_heptomino_d4
D:2:      minmay_wonky_spiral, layout_loops_ring, first_ration
D:3:      layout_rooms, portal_sewer_entry_b, uniq_sigmund
D:4:      layout_basic, minmay_misc_feat_x, yredelemnul_altar_generic,
          uniq_natasha, uniq_grinder
D:5:      layout_rooms, minmay_temple_entry_trees, uniq_crazy_yiuf_cottage
D:6:      layout_loops_ring
D:7:      layout_rooms, kennysheep_mini_moat, serial_corexii_hall,
          chequers_hall_statues_corner_a, corexii_hall_statues_t,
          corexii_hall_statues_i
D:8:      layout_rooms, uniq_pikel
D:9:      layout_basic, serial_glass, glass_columns_c, glass_columns_b,
          glass_columns_b, glass_columns_c, glass_columns_b, glass_columns_b,
          glass_columns_a, glass_columns_a, glass_columns_a, glass_columns_b,
          glass_columns_a, glass_columns_b, glass_columns_c, glass_columns_b,
          minivault_25
D:10:     layout_gridville, dpeg_lair_monsters, minmay_mirror_moons_of_madness
Temple:   nicolae_temple_the_god_donut

Skill      XL: |  1  2  3  4  5  6  7  8  9 10 |
---------------+-------------------------------+-----
Shields        | 4 5 6 7 9 10 11 | 11.2
Maces & Flails | 3 4 5 6 8 9 10 | 10.1
Fighting       | 5 7 |  7.0
Armour         | 5 7 |  7.0

Action                   |  1- 3 |  4- 6 |  7- 9 | 10-12 || total
-------------------------+-------+-------+-------+-------++-------
Melee: Flail             |   131 |   234 |   426 |   312 ||  1103
Throw: Dart              |       |     6 |       |       ||     6
Evoke: Wand              |       |       |     2 |       ||     2
  Use: Potion            |       |     1 |       |     1 ||     2
       Scroll            |       |       |    21 |     4 ||    25
  Eat: Chunk             |     1 |     6 |     9 |     5 ||    21
       Ration            |       |       |     2 |     2 ||     4
Armor: Scale mail        |    76 |       |       |       ||    76
       Chain mail        |    60 |   156 |   201 |   156 ||   573
Dodge: Dodged            |    61 |    51 |    87 |    86 ||   285
Block: Shield            |   105 |   111 |   279 |   241 ||   736

Table legend:
 A = Non-vault XP
 B = Vault XP
 C = Vault XP percentage of total XP
 D = Non-vault monster count
 E = Vault monster count
 F = Vault count percentage of total count
                 A         B        C        D         E       F
            +---------+---------+-------+---------+---------+-------
      Total |    6668 |    2208 |  24.9 |     184 |      20 |   9.8
            +---------+---------+-------+---------+---------+-------
        D:1 |      47 |       1 |   2.1 |      27 |       1 |   3.6
        D:2 |     103 |       5 |   4.6 |       6 |       3 |  33.3
        D:3 |     192 |     238 |  55.3 |      22 |       8 |  26.7
        D:4 |     532 |     313 |  37.0 |      13 |       2 |  13.3
        D:5 |     352 |      39 |  10.0 |      11 |       1 |   8.3
        D:6 |    1490 |       0 |   0.0 |      28 |       0 |   0.0
        D:7 |     470 |       0 |   0.0 |      13 |       0 |   0.0
        D:8 |    1668 |     607 |  26.7 |      35 |       1 |   2.8
        D:9 |    1772 |    1003 |  36.1 |      28 |       3 |   9.7
       D:10 |      42 |       2 |   4.5 |       1 |       1 |  50.0
            +---------+---------+-------+---------+---------+-------
